 Dungeon Crawl Stone Soup version 0.30-a0-743-gbfdf073431 (webtiles) character file.

Game seed: 2189002791295990065

2968 DEFE the Cleaver (level 10, -11/70 HPs)
             Began as a Formicid Fighter on Feb 8, 2023.
             Was a Believer of Okawaru.
             Mangled by a two-headed ogre
             ... wielding a +0 giant spiked club
              (16 damage)
             ... on level 7 of the Dungeon.
             The game lasted 00:04:51 (4619 turns).

DEFE the Cleaver (Formicid Fighter)                 Turns: 4619, Time: 00:04:51

Health: -11/70     AC: 13    Str: 22 (24) XL:     10   Next: 8%
Magic:  15/16      EV:  9    Int:  7 (9)  God:    Okawaru [**....]
Gold:   371        SH:  7    Dex: 11 (13) Spells: 9/9 levels left

rFire   . . .      SeeInvis +    a - +0 war axe
rCold   . . .      Faith    .    c - +0 buckler
rNeg    . . .      Spirit   .    t - +0 chain mail
rPois   +          Reflect  .    (helmet unavailable)
rElec   .          Harm     .    i - +0 cloak
rCorr   +          Rampage  .    b - +0 pair of gloves
Will    +....                    (no boots) Stlth
                                 l - amulet of regeneration
HPRegen 1.11/turn                e - ring of poison resistance
MPRegen 0.15/turn                y - ring of resist corrosion

@: heroic
A: permanent stasis, dig shafts and tunnels, antennae 3, four strong arms
a: Dig, Shaft Self, Renounce Religion, Heroism


You were on level 7 of the Dungeon.
You worshipped Okawaru.
Okawaru was pleased with you.
You visited 2 branches of the dungeon, and saw 8 of its levels.

You collected 371 gold pieces.

Inventory:

Hand Weapons
 a - a +0 war axe (weapon)
 v - a +2 heavy hand axe
Armour
 b - a +0 pair of gloves (worn)
 c - a +0 buckler (worn)
 i - a +0 cloak (worn)
 k - a +0 plate armour
 t - a +0 chain mail (worn)
Jewellery
 e - a ring of poison resistance (left hand)
 l - an amulet of regeneration (around neck)
 y - a ring of resist corrosion (right hand)
Wands
 u - a wand of iceblast (11)
Scrolls
 g - a scroll of vulnerability {unknown}
 h - a scroll of amnesia {unknown}
 j - 3 scrolls of fear {unknown}
 o - a scroll of poison {unknown}
 p - 2 scrolls of enchant armour {unknown}
 q - 4 scrolls of identify {unknown}
 r - 2 scrolls of immolation {unknown}
 x - 2 scrolls of torment {unknown}
 z - a scroll of noise {unknown}
 B - a scroll of magic mapping {unknown}
Potions
 d - a potion of might
 f - a potion of attraction
 m - 3 potions of curing
 w - a potion of invisibility {unknown}


   Skills:
 - Level 3.2(8.2) Fighting
 + Level 10.4(15.4) Axes
 - Level 3.2(8.2) Armour
 + Level 7.4(12.4) Shields
 + Level 8.3 Invocations


You had 9 spell levels left.
You didn't know any spells.
Your spell library contained the following spells:

 Spells                   Type           Power      Damage    Failure   Level
 Cigotuvi's Dreadful Rot  Necr/Pois/Air  0%         N/A       99%         2
 Poisonous Vapours        Pois/Air       0%         N/A       99%         2
 Sublimation of Blood     Necr           0%         N/A       99%         2
 Frozen Ramparts          Ice            0%         1d1       100%        3
 Mephitic Cloud           Conj/Pois/Air  0%         N/A       100%        3
 Portal Projectile        Hex/Tloc       0%         N/A       100%        3
 Stone Arrow              Conj/Erth      0%         3d7       100%        3
 Ice Form                 Ice/Tmut       0%         N/A       100%        4
 Leda's Liquefaction      Hex/Erth       0%         N/A       100%        4
 Petrify                  Tmut/Erth      0%         N/A       100%        4
 Irradiate                Conj/Tmut      0%         3d11      100%        5
 Lehudib's Crystal Spear  Conj/Erth      0%         10d2      100%        8
 Call Canine Familiar     Summ           Unusable   N/A       N/A         3
 Animate Armour           Summ/Erth      Unusable   N/A       N/A         4
 Summon Ice Beast         Ice/Summ       Unusable   N/A       N/A         4

Dungeon Overview and Level Annotations

Branches:
Dungeon (7/15)             Temple (1/1) D:5

Altars:
Ashenzari
Cheibriados
Dithmenos
Elyvilon
Fedhas
Gozag
Kikubaaqudgha
Makhleb
Nemelex Xobeh
Okawaru
Qazlal
Ru
Sif Muna
Trog
Vehumet
Wu Jian
Xom
Zin


Innate Abilities, Weirdness & Mutations

You cannot be hasted, slowed, berserked, paralysed or teleported.
You can dig through walls and to a lower floor.
You have a pair of large antennae on your head. (SInv)
Your four strong arms can wield two-handed weapons with a shield.


Message History

Unknown command.
You slash the two-headed ogre!
Unknown command.
You gain the combat prowess of a mighty hero.
The two-headed ogre barely misses you.
The two-headed ogre hits you with a +0 giant spiked club.
You take 4 damage, and have 34/70 hp.
You now have 14/16 mp.
You hit the two-headed ogre but do no damage.
The two-headed ogre hits you with a +0 giant spiked club!
The two-headed ogre closely misses you.
You take 12 damage, and have 22/70 hp.
Unknown command.
You hit the two-headed ogre.
You hit the two-headed ogre but do no damage.
The two-headed ogre hits you with a +0 giant spiked club!
* * * LOW HITPOINT WARNING * * *
The two-headed ogre hits you but does no damage.
Unknown command.
You take 14 damage, and have 9/70 hp.
You hit the two-headed ogre.
Unknown command.
Unknown command.
You slash the two-headed ogre!
The two-headed ogre barely misses you. x2
Unknown command.
Unknown command.
You hit the two-headed ogre but do no damage.
Unknown command.
Unknown command.
You hit the two-headed ogre. The two-headed ogre barely misses you.
The two-headed ogre hits you with a +0 giant spiked club!
* * * LOW HITPOINT WARNING * * *
You take 9 damage, and have 3/70 hp.
Unknown command.
Unknown command.
You completely miss the two-headed ogre.
Unknown command.
Unknown command.
You slash the two-headed ogre!
The two-headed ogre hits you with a +0 giant spiked club!
You die...

#..#.#.. ..#.#K#{ #.#
#..#..#. .#..?. { #.#
#..#.#.. ..#.# #.#
#..#..#.#.#.. { #.#
#..#.#.#F#.#.# #.##
#..#.........# #..#
#..#####.##### #########..#
#..##.#...#.####.......#..#
#..#...#.#@..#.......#.#...
#..##.#.#O#.##.....###.#.#.
#..#.#.....#รท#.###.#.#.#...
#..#..#.#.#...##.#.#.#...##
#..#.#.....#.#...###.#.#.##
#.)##.#.#.#.##.....#.#.#.##
#..#...#.#...#.......#.#.##
#..##.#...#.####.......#.##
#..#####################...


You could see a two-headed ogre.

Vanquished Creatures
  An ugly thing (D:7)
  A kobold demonologist (D:7)
  Grinder (D:4)
  A water moccasin (D:6)
  An orc warrior (D:7)
  A sky beast (D:7)
  3 ice beasts
  2 phantoms
  2 necrophages
  4 scorpions
  A bullfrog (D:7)
  4 wights (D:7)
  A jelly (D:7)
  4 hounds
  2 orc priests (D:6)
  Jessica (D:3)
  3 iguanas
  7 orc wizards
  Robin (D:4)
  6 river rats (D:5)
  8 adders
  A shadow imp (D:5)
  An ufetubus (D:5)
  2 worms
  4 dart slugs
  19 orcs
  6 ball pythons
  7 bats
  8 endoplasms
  10 hobgoblins
  3 jackals (D:1)
  11 quokkas
  7 frilled lizards
  18 goblins
  8 kobolds
  17 rats
177 creatures vanquished.

Vanquished Creatures (others)
  9 plants (D:4)
9 creatures vanquished.

Grand Total: 186 creatures vanquished

Notes
Turn   | Place    | Note
-------+----------+-------------------------------------------
     0 | D:1      | DEFE the Formicid Fighter began the quest for the Orb.
     0 | D:1      | Reached XP level 1. HP: 18/18 MP: 1/1
   103 | D:1      | Reached XP level 2. HP: 20/24 MP: 2/2
   130 | D:1      | Reached skill level 3 in Axes
   167 | D:1      | Reached XP level 3. HP: 23/29 MP: 3/3
   890 | D:2      | Reached skill level 4 in Axes
   890 | D:2      | Reached XP level 4. HP: 35/35 MP: 4/4
  1006 | D:2      | Found a blossoming altar of Fedhas.
  1429 | D:3      | Noticed Jessica
  1434 | D:3      | Killed Jessica
  1435 | D:3      | Reached XP level 5. HP: 40/41 MP: 5/5
  1438 | D:3      | Reached skill level 5 in Axes
  1663 | D:4      | Reached XP level 6. HP: 41/47 MP: 6/6
  1696 | D:4      | Reached skill level 6 in Axes
  1904 | D:4      | Noticed Grinder
  1924 | D:4      | Killed Grinder
  1925 | D:4      | Reached skill level 7 in Axes
  1925 | D:4      | Reached XP level 7. HP: 47/52 MP: 7/7
  2020 | D:4      | Noticed Robin
  2042 | D:4      | Killed Robin
  2267 | D:5      | Entered Level 5 of the Dungeon
  2283 | D:5      | Found a radiant altar of Vehumet.
  2374 | D:5      | Found a shimmering altar of Xom.
  2507 | D:5      | Found a staircase to the Ecumenical Temple.
  2512 | Temple   | Entered the Ecumenical Temple
  2555 | Temple   | Became a worshipper of Warmaster Okawaru
  2665 | D:5      | Reached skill level 1 in Invocations
  2902 | D:5      | Reached skill level 8 in Axes
  2908 | D:5      | Reached XP level 8. HP: 39/58 MP: 8/10
  3027 | D:5      | Reached * piety under Okawaru
  3336 | D:6      | Reached skill level 5 in Invocations
  3345 | D:6      | Reached skill level 9 in Axes
  3746 | D:7      | Reached XP level 9. HP: 64/64 MP: 13/13
  4129 | D:7      | Reached ** piety under Okawaru
  4130 | D:7      | Reached skill level 5 in Shields
  4281 | D:7      | Reached skill level 10 in Axes
  4414 | D:7      | Noticed a kobold demonologist
  4415 | D:7      | Noticed a brown ugly thing
  4427 | D:7      | Noticed a sixfirhy
  4435 | D:7      | Noticed a sun demon
  4455 | D:7      | Killed a brown ugly thing
  4456 | D:7      | Killed a kobold demonologist
  4457 | D:7      | Reached XP level 10. HP: 52/70 MP: 14/16
  4605 | D:7      | Noticed a two-headed ogre
  4617 | D:7      | HP: 3/70 [two-headed ogre/+0 giant spiked club (9)]
  4619 | D:7      | Mangled by a two-headed ogre

Illustrated notes

Levels and vault maps discovered:
D:1:      dpeg_arrival_rooms_a, layout_loops_ring, minmay_splitting_lines
D:2:      layout_basic, basic_altar
D:3:      layout_rooms, kennysheep_generic_room_6, uniq_jessica
D:4:      layout_cave_pools, serial_bayou, serial_bayou_pond_e,
          serial_bayou_lagoon_a, serial_bayou_lagoon_b, serial_bayou_shore_b,
          kennysheep_nub, hangedman_decor_riveting, uniq_grinder, uniq_robin
D:5:      lemuel_ratsnest, layout_loops_ring,
          mainiacjoe_overflow_catch_the_wave, temple_doors_e
D:6:      layout_rooms
D:7:      layout_loops_ring, mainiacjoe_overflow_big_doors, minmay_the_grid_2x2
          [minmay_the_grid_zigzag_pyramid, minmay_the_grid_diamond_grid,
          minmay_the_grid_gridbox, minmay_the_grid_prize_inner_circle]
Temple:   nicolae_temple_bog_church

Skill      XL: |  1  2  3  4  5  6  7  8  9 |
---------------+----------------------------+-----
Axes           | 3 4 5 7 8 9 10 | 10.4
Invocations    | 2 5 8 |  8.3
Shields        | 7 |  7.4
Fighting       | |  3.2
Armour         | |  3.2

Action                     |  1- 3 |  4- 6 |  7- 9 | 10-12 || total
---------------------------+-------+-------+-------+-------++-------
  Melee: War axe           |    94 |   122 |   333 |    20 ||   569
 Invoke: Heroism           |       |       |     6 |     1 ||     7
    Use: Potion            |       |       |     6 |       ||     6
         Scroll            |       |       |     1 |       ||     1
 Armour: Scale mail        |    57 |    47 |       |       ||   104
         Chain mail        |       |       |   167 |     1 ||   168
         Skin              |       |       |     3 |     4 ||     7
  Dodge: Dodged            |    59 |    38 |   112 |     5 ||   214
  Block: Buckler           |    25 |    29 |    74 |     1 ||   129

Table legend: (Time is in decaauts)
 A = Elapsed time spent in this place.
 B = Non-inter-level travel time spent in this place.
 C = Inter-level travel time spent in this place.
 D = Time resting spent in this place.
 E = Time spent auto-exploring this place.
 F = Levels seen in this place.
 G = Mean time per level.
                   A        B        C        D        E       F      G
               +--------+--------+--------+--------+--------+-----+--------+
         Total |   4715 |   4583 |    132 |    335 |   3071 |   8 |  589.4 |
       Dungeon |   4652 |   4536 |    116 |    335 |   3042 |   7 |  664.6 |
        Temple |     63 |     47 |     16 |      0 |     29 |   1 |   63.0 |
               +--------+--------+--------+--------+--------+-----+--------+

Top non-repeatable levels by time:
     D:7: 902 daAuts
     D:5: 854 daAuts
     D:1: 739 daAuts
     D:2: 672 daAuts
     D:4: 658 daAuts
     D:6: 540 daAuts
     D:3: 284 daAuts
  Temple: 63 daAuts
